 Dungeon Crawl Stone Soup version 0.23.0-3-gf3c87f2 (webtiles) character file.

Game seed: 6414410556434494691

9088 xccam the Grappler (level 11, -11/113 HPs)
             Began as a Troll Monk on Feb 23, 2019.
             Mangled by a four-headed hydra (14 damage)
             ... on level 8 of the Dungeon.
             The game lasted 00:14:03 (8019 turns).

xccam the Grappler (Troll Monk)                     Turns: 8019, Time: 00:14:03

Health: -11/113    AC: 10    Str: 23    XL:     11   Next: 18%
Magic:  10/10      EV: 14    Int:  8    God:
Gold:   510        SH:  0    Dex: 13    Spells: 10/10 levels left

rFire    . . .     SeeInvis .   F - +4 morningstar
rCold    . . .     Gourm    +   (no shield)
rNeg     + . .     Faith    .   B - +0 steam dragon scales
rPois    .         Spirit   .   (helmet restricted)
rElec    .         Reflect  .   a - +0 cloak
rCorr    .         Harm     .   (gloves unavailable)
MR       .....                  (boots unavailable)
Stlth    ++........             (no amulet)
HPRegen  0.68/turn              G - +2 ring of intelligence
MPRegen  0.12/turn              o - ring of positive energy

@: lethally poisoned (-11 -> -11)
A: large, unfitting armour, claws 3, fast metabolism 3, gourmand, regeneration
1, shaggy fur 1, tough skin 3
a: no special abilities


You were on level 8 of the Dungeon.
You were full.

You visited 2 branches of the dungeon, and saw 11 of its levels.
You also visited: Sewer.

You collected 510 gold pieces.

Inventory:

Hand Weapons
 F - a +4 morningstar (weapon)
Armour
 a - a +0 cloak (worn)
 r - a +1 robe of cold resistance
 B - +0 steam dragon scales (worn)
Jewellery
 k - an uncursed ring of flight
 o - a ring of positive energy (right claw)
 G - a +2 ring of intelligence (left claw)
Wands
 q - a wand of random effects (27)
 w - a wand of flame (16)
 x - a wand of paralysis (12)
 A - a wand of enslavement (10)
Scrolls
 c - 2 scrolls of magic mapping
 d - 6 scrolls of remove curse
 e - 3 scrolls of blinking
 f - 4 scrolls of enchant armour
 g - 2 scrolls of enchant weapon
 l - a scroll of fear {unknown}
 p - a scroll of amnesia {unknown}
 u - 2 scrolls of immolation {unknown}
 v - 2 scrolls of noise {unknown}
 y - a scroll of teleportation
 z - a scroll of identify
 C - a scroll of random uselessness {unknown}
Potions
 h - 3 potions of berserk rage
 i - a potion of lignification
 j - a potion of ambrosia
 m - 2 potions of curing
 n - 2 potions of heal wounds
 s - a potion of cancellation
 t - 2 potions of mutation
 D - a potion of invisibility
 E - a potion of haste
Comestibles
 b - 24 rations


   Skills:
 + Level 8.5 Fighting
 + Level 8.5 Dodging
 - Level 1.0 Stealth
 + Level 11.3 Unarmed Combat


You had 10 spell levels left.
You didn't know any spells.
Your spell library contained the following spells:

 Spells                   Type           Power        Failure   Level  Hunger
 Animate Skeleton         Necr           N/A          41%         1    ##.....
 Apportation              Tloc           #.....       41%         1    ##.....
 Confusing Touch          Hex            #.....       41%         1    ##.....
 Summon Small Mammal      Summ           #...         41%         1    ##.....


Dungeon Overview and Level Annotations

Branches:
Dungeon (10/15)            Temple (1/1) D:5
   Lair: D:8-11         Orc: D:9-12

Altars:
Ashenzari
Cheibriados
Elyvilon
Fedhas
Gozag
Hepliaklqana
Kikubaaqudgha
Makhleb
Nemelex Xobeh
Okawaru
Qazlal
Ru
Sif Muna
Trog
Uskayaw
Vehumet
Xom
Yredelemnul
Zin

Shops:
D:8 %


Innate Abilities, Weirdness & Mutations

You are too large for most types of armour.
You have claws for hands.
Your metabolism is lightning-fast.
You like to eat raw meat.
Your natural rate of healing is unusually fast.
You are covered in fur. (AC +1)
You have extremely tough skin. (AC +3)


Message History

The four-headed hydra misses you.
The four-headed hydra bites you but does no damage.
The four-headed hydra bites you!
Unknown command.
You completely miss the four-headed hydra.
You claw the four-headed hydra!
The four-headed hydra is severely wounded.
The four-headed hydra bites you but does no damage.
The four-headed hydra bites you!
The four-headed hydra closely misses you.
The four-headed hydra bites you!
* * * LOW HITPOINT WARNING * * *
The four-headed hydra bites you.
* * * LOW HITPOINT WARNING * * *
The four-headed hydra bites you!
* * * LOW HITPOINT WARNING * * *
The four-headed hydra bites you!
* * * LOW HITPOINT WARNING * * *
The four-headed hydra bites you!
You die...

..........#.#.#..............##
......##..#.#.#..........8.8.8#
###.......#...##########..⌠.⌠.#
..........###.#.....'%.#.8.∩.8#
..............#.....#.)#..⌠.⌠.#
##########...###'''###+#.8.8.8#
.........#...##.....P≈.#.....##
####.....#...##.DP..≈≈P#.....#
.....#.#.....>#.@...P≈≈#######
######.##.....#......≈P##########
...# #.##.....#.≈.≈)≈PP#<........
...# #.##.....####.##############
...###.##........).##............
...##...#..........##...#########
...##.#.####....#.###(..........[
..###.#.##......#.....#.########.
..##..#..#...........##....#.###.


You could see a four-headed hydra.

Vanquished Creatures
  A two-headed ogre (D:10)
  Pikel (D:5)
  A hippogriff (D:7)
  Prince Ribbit (D:7)
  2 dream sheep (D:8)
  8 yaks
  A basilisk (D:8)
  2 hungry ghosts (D:8)
  3 steam dragons (D:7)
  4 vampire mosquitoes (D:10)
  A soldier ant (D:10)
  3 ice beasts
  2 orc warriors (D:9)
  A slave (D:5)
  A black bear (D:6)
  3 ogres
  2 phantoms
  4 centaurs
  4 big kobolds
  3 bullfrogs
  6 scorpions
  3 killer bees (D:9)
  2 howler monkeys
  14 wights
  6 crimson imps
  A jelly (D:9)
  A bullfrog skeleton (D:6)
  9 hounds
  Crazy Yiuf (D:5)
  2 centaur zombies
  A centaur skeleton (D:10)
  8 orc priests
  2 iguanas (D:8)
  12 orc wizards
  8 worker ants
  A hound skeleton (D:4)
  2 worker ant zombies
  4 gnolls (D:3)
  15 adders
  A river rat (Sewer)
  A shadow imp (D:10)
  2 adder zombies (D:6)
  2 adder skeletons
  3 dart slugs
  9 leopard geckos
  39 orcs
  6 giant cockroaches
  6 hobgoblins
  12 jackals
  3 quokkas
  6 ball pythons
  10 bats
  14 frilled lizards
  7 goblins
  A jackal skeleton (D:8)
  8 kobolds
  17 rats
293 creatures vanquished.

Vanquished Creatures (others)
  A slave (D:5)
  An orc wizard (D:5)
  A worker ant (D:5)
  A leopard gecko (D:5)
  An orc (D:5)
5 creatures vanquished.

Grand Total: 298 creatures vanquished

Notes
Turn   | Place    | Note
-------+----------+-------------------------------------------
     0 | D:1      | xccam the Troll Monk began the quest for the Orb.
     0 | D:1      | Reached XP level 1. HP: 22/22 MP: 0/0
    93 | D:1      | Reached XP level 2. HP: 29/29 MP: 1/1
   428 | D:2      | Reached skill level 4 in Unarmed Combat
   499 | D:2      | Reached XP level 3. HP: 24/36 MP: 2/2
   878 | D:2      | Reached skill level 5 in Unarmed Combat
   878 | D:2      | Reached XP level 4. HP: 44/44 MP: 3/3
  1105 | D:3      | Reached XP level 5. HP: 18/50 MP: 4/4
  1113 | D:3      | Found a glowing drain.
  1137 | Sewer    | Entered a sewer
  1230 | Sewer    | Reached skill level 6 in Unarmed Combat
  1520 | D:3      | Found a blossoming altar of Fedhas.
  1821 | D:3      | Reached XP level 6. HP: 57/59 MP: 5/5
  1853 | D:3      | Found an iron altar of Okawaru.
  2259 | D:4      | Found a burning altar of Makhleb.
  2383 | D:4      | Found a white marble altar of Elyvilon.
  2490 | D:4      | Reached XP level 7. HP: 66/67 MP: 6/6
  2701 | D:4      | Found a shattered altar of Ashenzari.
  2703 | D:4      | Found an ancient bone altar of Kikubaaqudgha.
  2806 | D:5      | Entered Level 5 of the Dungeon
  2816 | D:5      | Reached skill level 7 in Unarmed Combat
  2849 | D:5      | Noticed Pikel
  2865 | D:5      | HP: 2/68 [Pikel/+1 whip of electrocution (12)]
  2866 | D:5      | Killed Pikel
  2866 | D:5      | Reached XP level 8. HP: 2/79 MP: 7/7
  3035 | D:5      | Reached skill level 8 in Unarmed Combat
  3038 | D:5      | Reached skill level 5 in Fighting
  3038 | D:5      | Reached skill level 5 in Dodging
  3310 | D:5      | Found a staircase to the Ecumenical Temple.
  3321 | Temple   | Entered the Ecumenical Temple
  3738 | D:5      | Found a runed translucent door.
  3739 | D:5      | Noticed Crazy Yiuf
  3746 | D:5      | Killed Crazy Yiuf
  3916 | D:6      | Found a sparkling altar of Nemelex Xobeh.
  3916 | D:6      | Found a sacrificial altar of Ru.
  3921 | D:6      | Found a basalt altar of Yredelemnul.
  3923 | D:6      | Found a glowing silver altar of Zin.
  3925 | D:6      | Found a stormy altar of Qazlal.
  3995 | D:6      | Reached XP level 9. HP: 78/88 MP: 8/8
  4503 | D:7      | Noticed Prince Ribbit
  4525 | D:7      | Killed Prince Ribbit
  4525 | D:7      | Reached skill level 9 in Unarmed Combat
  5246 | D:8      | Found Buecvah's Food Boutique.
  5374 | D:8      | Reached XP level 10. HP: 85/100 MP: 9/9
  5475 | D:8      | Reached skill level 10 in Unarmed Combat
  5749 | D:8      | Noticed a three-headed hydra
  7026 | D:10     | Entered Level 10 of the Dungeon
  7076 | D:10     | Reached skill level 11 in Unarmed Combat
  7252 | D:10     | Noticed a two-headed ogre
  7266 | D:10     | Killed a two-headed ogre
  7266 | D:10     | Reached XP level 11. HP: 113/113 MP: 10/10
  8019 | D:8      | HP: 3/113 [four-headed hydra (9)]
  8019 | D:8      | Mangled by a four-headed hydra

Skill      XL: |  1  2  3  4  5  6  7  8  9 10 |
---------------+-------------------------------+-----
Unarmed Combat | 4 5 6 7 8 9 11 | 11.3
Fighting       | 3 4 5 6 8 |  8.5
Dodging        | 3 4 5 6 8 |  8.5
Stealth        | |  1.0

Action                   |  1- 3 |  4- 6 |  7- 9 | 10-12 || total
-------------------------+-------+-------+-------+-------++-------
Melee: Unarmed           |    82 |   180 |   295 |   243 ||   800
       Punch             |       |     3 |    11 |    13 ||    27
       Morningstar       |       |       |       |     4 ||     4
Evoke: Wand              |       |       |       |     3 ||     3
  Use: Scroll            |       |       |     9 |     7 ||    16
 Stab: Sleeping          |     5 |     8 |     2 |     4 ||    19
  Eat: Chunk             |    11 |     9 |    32 |    26 ||    78
       Ration            |       |       |     1 |       ||     1
Armor: Robe              |    31 |    64 |    74 |       ||   169
       Steam dragon scal |       |       |    20 |    75 ||    95
Dodge: Dodged            |    48 |    86 |   145 |   140 ||   419
